AoeStats
← Ingvared

Arena

509924152Analyzed
4v4 RM · 3d ago on Sep 28, 2026· 27m 59s· 8 players
Game mode
Random Map
Map size
Large (8 player)
Population
200
Speed
Normal
Resources
Standard
Victory
Conquest
Starting age
Dark Age
Ending age
Imperial Age
RankedLock teamsTeams togetherTeam positionsShared explorationLock speedFull tech treeHidden civsTurbo modeCheats
Victory
Defeat
🇲🇽 Bohemians · Mexico
826
+15
🇩🇪 Turks · Germany
793
+17
🇲🇽 Khmer · Mexico
780
+17
🇬🇧 Britons · United Kingdom
717
+20
🇧🇷 Bohemians · Brazil
836
-18
🇹🇷 Magyars · Türkiye
801
-17
799
-17
🇫🇷 Inca · France
793
-17
Leléu Antônio da Anunciação
11:13 Feudal Age
11:40 Double-Bit Axe
11:38 Horse Collar
18:29 Castle Age
19:40 Wheelbarrow
21:31 Gold Mining
27:36 Hand Cart
ryioze
13:14 Feudal Age
17:31 Castle Age
16:00 Double-Bit Axe
16:53 Horse Collar
17:19 Stone Mining
25:20 Bow Saw
25:42 Heavy Plow
26:24 Fletching
28:06 Gold Mining
FoXx
0:28 Loom
13:19 Feudal Age
14:06 Horse Collar
14:47 Double-Bit Axe
22:40 Castle Age
20:52 Stone Mining
21:19 Gold Mining
22:14 Fletching
27:32 Caravan
carlosauberto
0:28 Loom
11:29 Feudal Age
12:50 Double-Bit Axe
14:12 Wheelbarrow
13:44 Arson
16:05 Horse Collar
22:11 Castle Age
20:50 Fletching
21:01 Padded Archer Armor
21:45 Forging
21:35 Scale Mail Armor
j.quintero_1988
0:55 Loom
10:37 Feudal Age
11:17 Horse Collar
11:31 Double-Bit Axe
17:06 Castle Age
19:48 Fletching
22:19 Chemistry
22:41 Murder Holes
24:32 Bodkin Arrow
Ingvared
1:47 Loom
13:07 Feudal Age
16:03 Double-Bit Axe
19:42 Castle Age
19:11 Fletching
19:23 Padded Archer Armor
21:40 Wheelbarrow
20:53 Double-Bit Axe
20:52 Horse Collar
22:14 Town Watch
24:12 Leather Archer Armor
Silver
3:19 Loom
9:29 Feudal Age
11:38 Wheelbarrow
12:04 Horse Collar
12:35 Double-Bit Axe
15:31 Wheelbarrow
19:26 Castle Age
17:37 Stone Mining
18:26 Gold Mining
19:23 Arson
18:59 Man-at-Arms
20:23 Forging
20:15 Scale Mail Armor
20:48 Bow Saw
22:30 Wheelbarrow
22:46 Pikeman
23:48 Heavy Plow
26:54 Tusk Swords
28:02 Hand Cart
Stoepkakker
10:40 Feudal Age
14:51 Castle Age
16:41 Double-Bit Axe
22:47 Horse Collar
23:01 Fletching
24:03 Bow Saw
25:42 Wheelbarrow
26:02 Heavy Plow
27:27 Bodkin Arrow
27:33 Padded Archer Armor
28:12 Yeomen
Connection lost

Rejoining the realm…

Still unreachable

The connection could not be restored.

Session expired

The server has moved on; the page needs a fresh start.